 Dungeon Crawl Stone Soup version 0.31-a0-233-g139696dc86 (webtiles) character file.

Game seed: 160203434714983182

65 qw the Shooter (level 3, -1/29 HPs)
             Began as a Minotaur Hexslinger on July 8, 2023.
             Slain by a cerulean imp
             ... wielding a +2 spear
             ... summoned by Natasha
              (5 damage)
             ... on level 2 of the Dungeon.
             The game lasted 00:00:32 (1961 turns).

qw the Shooter (Minotaur Hexslinger)                Turns: 1961, Time: 00:00:33

Health: -1/29      AC:  3    Str: 12    XL:     3   Next: 92%
Magic:  3/3        EV: 12    Int: 10    God:
Gold:   37         SH:  0    Dex: 14    Spells: 3/4 levels left

rFire   . . .        Y - +1 sling
rCold   . . .        (no shield)
rNeg    . . .        j - +0 leather armour
rPois   .            (helmet restricted)
rElec   .            (no cloak)
rCorr   .            (no gloves)
SInv    .            (no boots)
Will    .....        (no amulet)
Stlth   +            (no ring)
HPRegen 0.24/turn    (no ring)
MPRegen 0.08/turn

%: no passive effects
@: about to teleport
A: horns 2, retaliatory headbutt
a: no special abilities


You were on level 2 of the Dungeon.
You visited 1 branch of the dungeon, and saw 2 of its levels.

You collected 85 gold pieces.
You spent 48 gold pieces at shops.


Innate Abilities, Weirdness & Mutations

You have a pair of horns on your head.
You reflexively headbutt those who attack you in melee.


   Skills:
 - Level 2.0 Fighting
 + Level 4.4 Ranged Weapons
 - Level 2.1 Dodging
 - Level 1.0 Spellcasting
 - Level 2.0 Hexes


You had 3 spell levels left.
You knew the following spells:

 Your Spells              Type           Power      Damage    Failure   Level
a - Slow                  Hex            16%        N/A       19%         1

Your spell library contained the following spells:

 Spells                   Type           Power      Damage    Failure   Level
 Inner Flame              Hex/Fire       2%         N/A       65%         3
 Portal Projectile        Hex/Tloc       4%         N/A       65%         3
 Cause Fear               Hex            2%         N/A       88%         4

Inventory:

Hand Weapons
 Y - a +1 sling (weapon)
Armour
 b - a +1 ring mail of willpower
 j - a +0 leather armour (worn)
Scrolls
 a - 2 scrolls of identify
Potions
 e - a potion of heal wounds {unknown}
 h - a potion of enlightenment {unknown}

Dungeon Overview and Level Annotations

Branches:
Dungeon (2/15)

Altars:

Shops:
D:2 ?

Annotations:
D:2 Natasha


Message History

Enter note:
Enter note: You shoot a sling bullet.
The sling bullet hits Natasha.
Natasha is lightly wounded.
Natasha stares at you and mumbles some strange words.
The magic dart hits you.
You shoot a sling bullet.
The sling bullet hits Natasha but does no damage.
Natasha is lightly wounded.
Natasha casts a spell at you. The magic dart hits you.
You shoot a sling bullet. The sling bullet barely misses Natasha.
You shoot a sling bullet. The sling bullet barely misses Natasha.
You shoot a sling bullet. The sling bullet barely misses Natasha.
Natasha claws you.
You shoot a sling bullet.
The sling bullet hits Natasha but does no damage.
Natasha is lightly wounded.
Natasha claws you.
You shoot a sling bullet. The sling bullet barely misses Natasha.
Natasha howls an incantation.
You feel troubled.
Natasha stares at you and mumbles some strange words.
The magic dart hits you.
You shoot a sling bullet.
The sling bullet closely misses Natasha.
Natasha mumbles some strange words.
You shoot a sling bullet.
The sling bullet hits Natasha but does no damage.
Natasha is lightly wounded.
Natasha claws you.
1960 ||| READING scroll of teleportation.
As you read the scroll of teleportation, it crumbles to dust.
You feel strangely unstable. Natasha closely misses you.
The cerulean imp barely misses you.
You shoot a sling bullet.
The sling bullet closely misses Natasha.
Natasha completely misses you. You furiously retaliate!
You headbutt Natasha.
The cerulean imp hits you from afar with a +2 spear.
You die...

........# ##.##
.##.....####.........####..%#####
.##........+.........+.>.........
.##.#...####.........####...#####
.)......# ....... ##.## ###.....#
..... #.# #.##..# ..5 #.. #.##..#
#h# ##. #.##..# #@# . #.....# #.#
####.##### ##.## #.#...####...##
#......##.....###
#.................
##.....####.###### ##...## ###
#####


You could see Natasha and a cerulean imp (summoned).

Vanquished Creatures
  Terence (D:2)
  2 worms (D:2)
  2 dart slugs
  4 bats
  7 endoplasms
  A goblin (D:1)
  3 hobgoblins
  5 kobolds (D:1)
  A quokka (D:1)
  A ball python (D:1)
  2 frilled lizards
29 creatures vanquished.

Notes
Turn   | Place    | Note
-------+----------+-------------------------------------------
     0 | D:1      | qw the Minotaur Hexslinger began the quest for the Orb.
     0 | D:1      | Reached XP level 1. HP: 16/16 MP: 1/1
     0 | D:1      | 0 ||| qw: Version: 0.3-a-46-gb1f654a
     0 | D:1      | 0 ||| qw: Game counter: 3741
     0 | D:1      | 0 ||| qw: Melee chars always use a shield: true
     0 | D:1      | 0 ||| qw: God list: Okawaru
     0 | D:1      | 0 ||| qw: Allow faded altars: false
     0 | D:1      | 0 ||| qw: Do Orc after clearing Dungeon:15 true
     0 | D:1      | 0 ||| qw: Do second Lair branch before Depths: true
     0 | D:1      | 0 ||| qw: Lair rune preference: random
     0 | D:1      | 0 ||| qw: Goals: Normal
     0 | D:1      | 0 ||| PLANNING D:1-11
   156 | D:1      | Reached skill level 3 in Ranged Weapons
   254 | D:1      | Reached XP level 2. HP: 23/23 MP: 2/2
   884 | D:1      | 884 ||| UPGRADING to +0 leather armour.
   894 | D:1      | 894 ||| DROPPING +0 robe.
   895 | D:1      | 895 ||| READING scroll labelled LIDARGH AVASYA.
   996 | D:1      | 996 ||| READING scroll labelled WAYR BOSICUYTYNG.
   997 | D:1      | 997 ||| READING scroll labelled LATWEMN OKKOUC.
   998 | D:1      | 998 ||| READING scroll labelled UDGHOWN TUSCH.
  1001 | D:1      | 1001 ||| DRINKING 3 fuming puce potions.
  1002 | D:1      | 1002 ||| DROPPING scroll of poison.
  1003 | D:1      | 1003 ||| DROPPING 2 potions of attraction.
  1159 | D:2      | Found Qiofoe Athi's Magic Scroll Emporium.
  1170 | D:2      | 1170 ||| SHOPLISTING scroll of enchant armour (90 gold,
                  | have 60).
  1170 | D:2      | 1170 ||| BUYING scroll of identify (24 gold).
  1170 | D:2      | Bought a scroll of identify for 24 gold pieces
  1170 | D:2      | 1170 ||| BUYING scroll of identify (24 gold).
  1170 | D:2      | Bought a scroll of identify for 24 gold pieces
  1170 | D:2      | 1170 ||| SHOPLISTING scroll of identify (24 gold, have 12).
  1170 | D:2      | 1170 ||| SHOPLISTING scroll of teleportation (36 gold, have
                  | 12).
  1223 | D:2      | 1223 ||| FLEEEEING.
  1241 | D:2      | Reached XP level 3. HP: 29/29 MP: 3/3
  1603 | D:2      | Noticed Terence
  1613 | D:2      | HP: 5/29 [Terence/+3 falchion of distortion (4)]
  1615 | D:2      | Killed Terence
  1616 | D:2      | Reached skill level 4 in Ranged Weapons
  1950 | D:2      | Noticed Natasha
  1959 | D:2      | HP: 3/29 [Natasha (6)]
  1960 | D:2      | 1960 ||| READING scroll of teleportation.
  1961 | D:2      | Slain by a cerulean imp

Levels and vault maps discovered:
D:1:      shiori_shiawase, layout_loops_corners
D:2:      layout_loops_corners, serial_shops, nicolae_shop_tiny_glass,
          grunt_decor_arrowhead, uniq_natasha, uniq_terence

Skill      XL: |  1  2  3 |
---------------+----------+-----
Ranged Weapons | 3 4 |  4.4
Fighting       | 2 |  2.0
Dodging        | |  2.1
Spellcasting   | |  1.0
Hexes          | |  2.0

Action                     || total
---------------------------++-------
   Fire: Sling             ||   129
    Use: Scroll            ||     5
         Potion            ||     1
 Armour: Robe              ||     7
         Leather armour    ||     2
  Dodge: Dodged            ||    39

Table legend:
 A = Non-vault XP
 B = Vault XP
 C = Vault XP percentage of total XP
 D = Non-vault monster count
 E = Vault monster count
 F = Vault count percentage of total count
                 A         B        C        D         E       F
            +---------+---------+-------+---------+---------+-------
      Total |      57 |      36 |  38.7 |      28 |       1 |   3.4
            +---------+---------+-------+---------+---------+-------
        D:1 |      29 |       0 |   0.0 |      17 |       0 |   0.0
        D:2 |      28 |      36 |  56.2 |      11 |       1 |   8.3
            +---------+---------+-------+---------+---------+-------
